 Dungeon Crawl Stone Soup version 0.32-a0-306-gfed3edf829 (webtiles) character file.

Game seed: 17111072907427957331

5915 Sobieck the Grappler (level 10, -1/102 HPs)
             Began as a Troll Monk on Feb 14, 2024.
             Was an Elder of Wu Jian.
             Killed by nerve-wracking pain
             ... invoked by an orc priest
              (14 damage)
             ... on level 8 of the Dungeon.
             The game lasted 00:13:40 (5772 turns).

Sobieck the Grappler (Troll Monk)                   Turns: 5772, Time: 00:13:41

Health: -1/102     AC:  9    Str: 21    XL:     10   Next: 53%
Magic:  9/9        EV: 17    Int: 11    God:    Wu Jian [****..]
Gold:   5          SH:  0    Dex: 14    Spells: 9/9 levels left

rFire   . .          .
                       - Unarmed
rCold   . . .        c - orb {light}
rNeg    . . .        a - +0 robe
rPois   .            (helmet restricted)
rElec   .            z - +0 cloak
rCorr   .            (gloves unavailable)
SInv    .            (boots unavailable)
Will    .....        (no amulet)
Stlth   +            i - +4 ring of protection
HPRegen 1.17/turn    u - ring of Evvuas {EV+5 Int+3}
MPRegen 0.11/turn

%: no passive effects
@: exhausted, glowing
A: large, unfitting armour, claws 3, regeneration 1, shaggy fur 1, tough skin 1
a: Renounce Religion, Wall Jump, Serpent's Lash


You were on level 8 of the Dungeon.
You worshipped Wu Jian.
Wu Jian was greatly pleased with you.
You visited 2 branches of the dungeon, and saw 9 of its levels.

You collected 348 gold pieces.
You spent 343 gold pieces at shops.

Inventory:

Hand Weapons
 b - a +1 sling
Missiles
 j - 57 stones
 k - 4 poisoned darts
 t - 6 boomerangs (quivered)
 F - 3 curare-tipped darts
Armour
 a - a +0 robe (worn)
 c - an orb of light (worn)
 v - an orb of guile
 z - a +0 cloak (worn)
Magical Staves
 m - a staff of alchemy
Jewellery
 h - a +5 ring of evasion
 i - a +4 ring of protection (left claw)
 n - a ring of positive energy
 r - an amulet of faith
 u - the ring of Evvuas (right claw) {EV+5 Int+3}
   (You found it on level 6 of the Dungeon)

   [ring of evasion]

   EV+5:      It affects your evasion (+5).
   Int+3:     It affects your intelligence (+3).
 y - a +5 ring of evasion
Wands
 I - a wand of iceblast (14)
 P - a wand of paralysis (7)
 V - a wand of flame (37)
Scrolls
 q - 2 scrolls of immolation
 s - a scroll of amnesia
 x - a scroll of blinking {unknown}
 A - a scroll of enchant armour
 T - 2 scrolls of teleportation
Potions
 d - 2 potions of attraction
 f - a potion of invisibility
 g - 2 potions of ambrosia
 l - 3 potions of enlightenment
 o - 3 potions of might
 p - a potion of lignification
 w - a potion of cancellation
 Q - 2 potions of curing


   Skills:
 + Level 7.1 Fighting
 + Level 7.1 Dodging
 * Level 11.7 Unarmed Combat


You had 9 spell levels left.
You didn't know any spells.
Your spell library contained the following spells:

 Spells                   Type           Power      Damage    Failure   Level
 Freeze                   Ice            0%         1d3       34%         1
 Magic Dart               Conj           0%         1d3       34%         1
 Blink                    Tloc           0%         N/A       47%         2
 Call Imp                 Summ           0%         N/A       47%         2
 Lesser Beckoning         Tloc           0%         N/A       47%         2
 Frozen Ramparts          Ice            0%         1d1       71%         3
 Gell's Gravitas          Tloc           0%         N/A       71%         3
 Hailstorm                Conj/Ice       0%         3d5       71%         3
 Teleport Other           Tloc           0%         N/A       71%         3


Dungeon Overview and Level Annotations

Branches:
Dungeon (8/15)             Temple (1/1) D:4
   Lair: D:8-11

Altars:
Cheibriados
Dithmenos
Fedhas
Gozag
Hepliaklqana
Makhleb
Nemelex Xobeh
Okawaru
Ru
Sif Muna
Trog
Uskayaw
Vehumet
Wu Jian
Xom
Zin

Shops:
D:1 !   D:7 *


Innate Abilities, Weirdness & Mutations

You are too large for most types of armour.
You have claws for hands.
Your natural rate of healing is unusually fast.
You are covered in fur. (AC +1)
You have tough skin. (AC +1)


Message History

The centaur hits you but does no damage.
The centaur completely misses you.
The orc priest looks satisfied for a moment.
The orc wizard hits you with a +0 dagger.
* * * LOW HITPOINT WARNING * * *
The centaur closely misses you.
The centaur kicks you but does no damage.
The hornet barely misses you.
Unknown command.
You spin and attack the centaur.
You claw the centaur!
The centaur is severely wounded.
You spin and attack the orc wizard repeatedly.
You claw the orc wizard!
The orc wizard is severely wounded.
You scratch the orc wizard.
The orc wizard is almost dead.
You feel sick.
The orc priest invokes the aid of Beogh against you.
Pain shoots through your body!
* * * LOW HITPOINT WARNING * * *
The centaur hits you but does no damage.
The centaur kicks you.
* * * LOW HITPOINT WARNING * * *
The orc wizard hits you but does no damage.
Unknown command.
Unknown command.
You spin and attack the centaur.
You claw the centaur!
You kill the centaur!
The Council accepts your kill.
You feel sick.
You are no longer poisoned.
The sky beast flickers out of sight!
The hornet barely misses you.
Unknown command.
You feel better.
The tengu warrior hits you with a +1 long sword of electrocution.
* * * LOW HITPOINT WARNING * * *
The tengu warrior pecks you but does no damage.
The tengu warrior claws you.
* * * LOW HITPOINT WARNING * * *
The hornet stings you but does no damage.
Okay, then.
Your muscles tense, ready for explosive movement...
Found a wand of paralysis (5).
Your supernatural speed expires.
You see here 3 stones.
Unknown command.
Unknown command.
The orc priest mumbles some strange prayers to Beogh against you.
Pain shoots through your body!
You die...

#. #............~≈≈≈~....... #.
#.)...........#####...... ##
g.##.......................
...#. #............#####......
.Q..#..#.#......~≈≈≈≈.......
#### .g##.#.#......≈≈≈≈≈.......
#...####.#†.........≈≈≈~~#....##
.......##.).#........~≈~.#....##
#.......Y.#..@.....~≈~........
###....)##o###...#...≈≈~........
..........y#○(..##....~.........
####._...o{Q....#........#.##...
###..?#.o......##....#####.⌠.
#...###.......#..... .#... #....
##........ ...... ##...
/........# ...... ###.
.........## ....⌠.


You could see a tengu warrior (reflecting) and an orc priest.

Vanquished Creatures
  Joseph (D:8)
  Jeremiah (D:6)
  A hornet (D:8)
  A polar bear (D:8)
  3 wyverns
  6 yaks (D:5)
  Eustachio (D:4)
  2 steam dragons (D:7)
  Menkaure (D:4)
  Edmund (D:5)
  An acid dragon (D:8)
  A water moccasin (D:6)
  A sky beast (D:7)
  2 black bears
  3 ice beasts
  3 ogres
  4 centaurs (D:8)
  A wolf (D:8)
  6 bullfrogs
  3 scorpions
  A howler monkey (D:8)
  An electric eel (D:8)
  A bombardier beetle (D:5)
  4 hounds
  A jelly (D:6)
  6 orc priests
  5 iguanas
  Ijyb (D:4)
  5 orc wizards
  Robin (D:2)
  3 gnolls (D:7)
  4 adders
  A shadow imp (D:8)
  3 white imps
  4 ufetubi
  4 dart slugs
  2 ribbon worms (D:3)
  29 orcs
  4 ball pythons
  8 endoplasms
  2 giant cockroaches
  11 goblins
  10 hobgoblins
  8 jackals
  7 quokkas
  3 bats
  2 frilled lizards
  5 kobolds
  5 rats
184 creatures vanquished.

Notes
Turn   | Place    | Note
-------+----------+-------------------------------------------
     0 | D:1      | Sobieck the Troll Monk began the quest for the Orb.
     0 | D:1      | Reached XP level 1. HP: 22/22 MP: 0/0
    31 | D:1      | Reached XP level 2. HP: 29/29 MP: 1/1
    41 | D:1      | Found Lotaes's Distillery.
   256 | D:1      | Reached XP level 3. HP: 36/36 MP: 2/2
   762 | D:2      | Noticed Robin
   766 | D:2      | Reached skill level 4 in Unarmed Combat
   773 | D:2      | Killed Robin
   774 | D:2      | Reached XP level 4. HP: 44/44 MP: 3/3
   870 | D:2      | You fall into a shaft and drop 1 floor!
  1145 | D:2      | Reached skill level 3 in Fighting
  1266 | D:2      | Reached skill level 3 in Dodging
  1792 | D:3      | Reached XP level 5. HP: 53/53 MP: 4/4
  2365 | D:1      | Bought a potion of heal wounds for 70 gold pieces
  2365 | D:1      | Bought a potion of attraction for 42 gold pieces
  2508 | D:4      | Found a staircase to the Ecumenical Temple.
  2538 | D:4      | Noticed a black bear
  2549 | D:4      | Killed a black bear
  2550 | D:4      | Reached skill level 5 in Unarmed Combat
  2550 | D:4      | Reached XP level 6. HP: 61/61 MP: 5/5
  2575 | Temple   | Entered the Ecumenical Temple
  2588 | Temple   | Became a worshipper of the Wu Jian Council
  2588 | Temple   | Reached * piety under Wu Jian
  2588 | Temple   | Reached ** piety under Wu Jian
  2660 | D:4      | Noticed Ijyb
  2671 | D:4      | Killed Ijyb
  2816 | D:4      | Noticed Menkaure
  2831 | D:4      | Killed Menkaure
  2858 | D:4      | Reached skill level 6 in Unarmed Combat
  2893 | D:4      | Noticed Eustachio
  2914 | D:4      | Killed Eustachio
  2915 | D:4      | Reached XP level 7. HP: 56/70 MP: 6/6
  3177 | D:5      | Entered Level 5 of the Dungeon
  3191 | D:5      | Noticed a wyvern
  3196 | D:5      | Killed a wyvern
  3197 | D:5      | Reached skill level 7 in Unarmed Combat
  3198 | D:5      | Noticed Edmund
  3214 | D:5      | Killed Edmund
  3215 | D:5      | Reached XP level 8. HP: 38/79 MP: 0/7
  3455 | D:5      | Reached skill level 8 in Unarmed Combat
  3492 | D:5      | Reached XP level 9. HP: 84/88 MP: 8/8
  3514 | D:5      | Reached skill level 9 in Unarmed Combat
  3746 | D:5      | Identified the +1 leather armour "Koph" {Str+4}
  4084 | D:6      | Identified the ring of Evvuas {EV+5 Int+3}
  4150 | D:6      | Reached skill level 6 in Fighting
  4150 | D:6      | Reached skill level 6 in Dodging
  4184 | D:6      | Reached *** piety under Wu Jian
  4217 | D:6      | Reached skill level 10 in Unarmed Combat
  4242 | D:6      | Noticed Jeremiah
  4564 | D:6      | Killed Jeremiah
  4929 | D:7      | Reached XP level 10. HP: 97/100 MP: 9/9
  5028 | D:7      | Found Puomuomu's Assorted Antiques.
  5033 | D:7      | Bought a bone wand for 132 gold pieces
  5033 | D:7      | Bought a scroll labelled ZOXUNO INUTH for 33 gold pieces
  5111 | D:7      | Bought a scroll of identify for 66 gold pieces
  5391 | D:8      | Reached skill level 11 in Unarmed Combat
  5462 | D:8      | Paralysed by a hornet for 1 turns
  5467 | D:8      | Reached **** piety under Wu Jian
  5471 | D:8      | Paralysed by a hornet for 3 turns
  5752 | D:8      | Noticed Joseph
  5754 | D:8      | Found a hide-covered altar of Uskayaw.
  5761 | D:8      | Noticed a tengu warrior
  5761 | D:8      | Killed Joseph
  5761 | D:8      | Paralysed by a hornet for 2 turns
  5772 | D:8      | Killed from afar by an orc priest

Illustrated notes

Levels and vault maps discovered:
D:1:      scummos_arrival_simple_fountains, layout_rooms, serial_shops, shop,
          chequers_serial_rivers_micro_d
D:2:      layout_basic, uniq_robin
D:3:      layout_basic
D:4:      layout_loops_cross, temple_pool_b, uniq_eustachio, uniq_menkaure,
          uniq_ijyb
D:5:      layout_cave_pods, uniq_edmund
D:6:      layout_rooms, uniq_jeremiah
D:7:      layout_gridville, serial_shops, nicolae_shop_rolling_square
D:8:      layout_cave_pools, overflow_temple_1_default, kennysheep_little_box,
          erik_lair_dragon, serial_ice, serial_ice_l, serial_ice_h,
          serial_ice_b, serial_ice_n, grunt_ministairs_2, nrook_campfire,
          minmay_pinched_square, uniq_joseph
Temple:   nicolae_temple_superstar

Skill      XL: |  1  2  3  4  5  6  7  8  9 10 |
---------------+-------------------------------+-----
Unarmed Combat | 4 5 6 7 8 10 11 | 11.7
Fighting       | 3 4 5 6 7 |  7.1
Dodging        | 3 4 5 6 7 |  7.1

Action                     |  1- 3 |  4- 6 |  7- 9 | 10-12 || total
---------------------------+-------+-------+-------+-------++-------
  Melee: Unarmed           |    48 |   110 |   197 |   125 ||   480
   Fire: Sling             |    31 |    25 |       |       ||    56
  Throw: Stone             |       |       |     4 |       ||     4
         Boomerang         |       |       |     4 |       ||     4
 Invoke: Serpent's Lash    |       |       |       |     1 ||     1
Ability: Whirlwind         |       |     6 |    31 |    51 ||    88
         Lunge             |       |     3 |    20 |     6 ||    29
         Wall Jump         |       |     1 |     3 |     4 ||     8
  Evoke: Wand              |       |       |       |     2 ||     2
    Use: Scroll            |       |     4 |     7 |     4 ||    15
         Potion            |       |       |       |     3 ||     3
 Armour: Robe              |    27 |    62 |    67 |   102 ||   258
  Dodge: Dodged            |    25 |   106 |    95 |   131 ||   357

Table legend: (Time is in decaauts)
 A = Elapsed time spent in this place.
 B = Non-inter-level travel time spent in this place.
 C = Inter-level travel time spent in this place.
 D = Time resting spent in this place.
 E = Time spent auto-exploring this place.
 F = Levels seen in this place.
 G = Mean time per level.
                   A        B        C        D        E       F      G
               +--------+--------+--------+--------+--------+-----+--------+
         Total |   5753 |   5313 |    440 |    312 |   3967 |   9 |  639.2 |
       Dungeon |   5726 |   5300 |    426 |    312 |   3967 |   8 |  715.8 |
        Temple |     26 |     13 |     13 |      0 |      0 |   1 |   26.0 |
               +--------+--------+--------+--------+--------+-----+--------+

Top non-repeatable levels by time:
     D:2: 1031 daAuts
     D:3: 891 daAuts
     D:5: 838 daAuts
     D:7: 744 daAuts
     D:4: 706 daAuts
     D:6: 600 daAuts
     D:1: 519 daAuts
     D:8: 395 daAuts
  Temple: 26 daAuts
